 Dungeon Crawl Stone Soup version 0.31.0-10-gcf4a605ca0 (webtiles) character file.

Game seed: 12374057916009600797

7555 Vila42 the Basher (level 11, -3/67 HPs)
             Began as a Gargoyle Monk on Jan 25, 2024.
             Was an Elder of the Shining One.
             Slain by a deep elf blademaster zombie (7 damage)
             ... on level 1 of the Abyss.
             The game lasted 00:10:38 (7005 turns).

Vila42 the Basher (Gargoyle Monk)                   Turns: 7005, Time: 00:10:39

Health: -3/67      AC: 37    Str: 20    XL:     11   Next: 17%
Magic:  0/16       EV:  7    Int: 10    God:    the Shining One [****..]
Gold:   289        SH:  0    Dex: 12    Spells: 10/10 levels left

rFire   . . .        i - +5 flail (flame)
rCold   . . .        (no shield)
rNeg    + + +        r - +15 Maxwell's patent armour {-Cast -Tele rElec Will+ rCorr}
rPois   ∞            (no helmet)
rElec   +            w - +0 cloak
rCorr   +            (no gloves)
SInv    .            (no boots)
Will    +++..        z - amulet of guardian spirit Stlth
                     k - ring of willpower
HPRegen 0.31/turn    t - ring of willpower
MPRegen 0.15/turn

%: no teleportation, no spellcasting, guardian spirit
@: glowing
A: sickness immunity, AC +8, negative energy resistance 1, electricity
resistance, torment resistance 1, petrification resistance
a: Renounce Religion, Divine Shield, Cleansing Flame


You were on level 1 of the Abyss.
You worshipped the Shining One.
The Shining One was greatly pleased with you.
You visited 1 branch of the dungeon, and saw 9 of its levels.
You visited the Abyss 1 time.
You also visited: Bailey.

You collected 432 gold pieces.
You spent 143 gold pieces at shops.

Inventory:

Hand Weapons
 i - a +5 flail of flaming (weapon)
 E - the +9 great mace of Bright Innocence {venom, *Noise rElec rPois Stlth+}
   (You acquired it in a bailey)

   rElec:     It insulates you from electricity.
   rPois:     It protects you from poison *Noise: It may make a loud noise when
   swung.
   Stlth+:    It makes you more stealthy.
Missiles
 b - 3 curare-tipped darts (quivered)
Armour
 f - a +1 kite shield
 r - the +15 Maxwell's patent armour (worn) {-Cast -Tele rElec Will+ rCorr}
   (You acquired it on level 5 of the Dungeon)

   rElec:     It insulates you from electricity.
   Will+:     It increases your willpower.
   -Cast:     It prevents spellcasting.
   -Tele:     It prevents most forms of teleportation.
   rCorr:     It protects you from acid and corrosion.
 w - a +0 cloak (worn)
Jewellery
 j - a ring of wizardry
 k - a ring of willpower (left hand)
 t - a ring of willpower (right hand)
 z - an amulet of guardian spirit (around neck)
 A - an amulet of magic regeneration
Wands
 s - a wand of flame (12)
 D - a wand of iceblast (5)
Scrolls
 a - a scroll of summoning
 d - 3 scrolls of teleportation
 l - a scroll of fear
 v - a scroll of vulnerability
 y - 2 scrolls of brand weapon
 B - a scroll of immolation
 C - a scroll of amnesia
Potions
 c - 5 potions of curing
 e - 2 potions of mutation
 g - 3 potions of haste
 h - 2 potions of attraction {unknown}
 m - a potion of lignification {unknown}
 n - a potion of ambrosia
 o - a potion of enlightenment {unknown}
 p - a potion of heal wounds
 u - 2 potions of degeneration {unknown}
 x - a potion of might


   Skills:
 + Level 7.5 Fighting
 + Level 11.2 Maces & Flails
 + Level 6.9 Armour
 - Level 2.4 Dodging
 + Level 7.5 Shields
 * Level 7.0 Invocations


You had 10 spell levels left.
You didn't know any spells.
Your spell library contained the following spells:

 Spells                   Type           Power      Damage    Failure   Level
 Static Discharge         Conj/Air       0%         3-3/arc   100%        2
 Fugue of the Fallen      Necr           0%         N/A       100%        3
 Ozocubu's Armour         Ice            0%         N/A       100%        3
 Airstrike                Air            0%         2d(0-16)  100%        4
 Dispel Undead            Necr           0%         3d6       100%        4
 Ignite Poison            Fire/Alch      0%         N/A       100%        4
 Manifold Assault         Tloc           0%         N/A       100%        4
 Martyr's Knell           Necr/Summ      0%         N/A       100%        4
 Summon Lightning Spire   Summ/Air       0%         N/A       100%        4
 Freezing Cloud           Conj/Ice/Air   0%         6-21      100%        5
 Death Channel            Necr           0%         N/A       100%        6
 Cigotuvi's Dreadful Rot  Necr/Alch/Air  Unusable   N/A       N/A         2

Dungeon Overview and Level Annotations

Branches:
Dungeon (9/15)             Temple (0/1) D:7             Orc (0/2) D:9
 Bailey (visited)
   Lair: D:8-11

Altars:
Elyvilon
Hepliaklqana
Nemelex Xobeh
Okawaru
Sif Muna
Wu Jian
Yredelemnul
Zin
The Shining One

Shops:
D:4 !   D:6 :

Annotations:
D:9 Prince Ribbit, Psyche


Innate Abilities, Weirdness & Mutations

You are immune to sickness and miasma.
Your stone body is resilient. (AC +8)
You are immune to poison.
You resist negative energy. (rN+)
You are resistant to electric shocks. (rElec)
You are resistant to unholy torment.
You are immune to petrification.


Message History

The Shining One protects you from harm!
The laughing skull lets out a vicious peal of laugher.
The bolt of negative energy misses you.
You closely miss the laughing skull. Your punch misses the laughing skull.
The laughing skull is almost destroyed.
The laughing skull barely misses you.
The deep elf blademaster zombie closely misses you.
The deep elf blademaster zombie barely misses you.
The laughing skull lets out a vicious peal of laugher.
The bolt of negative energy hits you but does no damage.
You resist.
You hit the laughing skull.
You destroy the laughing skull!
The Shining One accepts your kill.
The laughing skull headbutts you but does no damage.
Your Invocations skill increases to level 7!
Unknown command.
The laughing skull headbutts you.
* * * LOW HITPOINT WARNING * * *
The laughing skull headbutts you. The Shining One protects you from harm!
The laughing skull lets out a vicious peal of laugher.
The bolt of negative energy misses you.
Unknown command.
You sock the laughing skull!
The laughing skull is almost destroyed.
The laughing skull barely misses you.
The laughing skull headbutts you but does no damage.
The deep elf blademaster zombie hits you but does no damage.
The deep elf blademaster zombie barely misses you.
The laughing skull cackles spitefully.
The bolt of negative energy hits you but does no damage.
You resist.
You closely miss the laughing skull.
The laughing skull is almost destroyed.
The laughing skull cackles spitefully.
The bolt of negative energy hits you but does no damage.
You resist.
The deep elf blademaster zombie hits you!
You die...

. ..... . 8...
... ... #.#..
....... # #.#...
...... ##.8...#.8
..~~~..#.##..#...
.....##..._.#
~.∩∩~...z.8.#8#..
.......z@.......
~~~..#.Z..#.....
..... ##.### ....
#.. .## .#.. ...
#. . .. .# .. .
.# #.


You could see 2 laughing skulls and a deep elf blademaster zombie.

Vanquished Creatures
  An orc warlord (Bailey)
  3 two-headed ogres
  Pikel (D:7)
  Maurice (D:7)
  Jeremiah (D:7)
  4 raiju (Abyss:1)
  Sigmund (D:2)
  A steam dragon (D:8)
  2 water moccasins
  5 orc warriors (Bailey)
  2 laughing skulls (Abyss:1)
  A black bear (D:5)
  2 ogres
  A centaur (D:9)
  A phantom (D:6)
  A lemure (D:7)
  3 wyvern zombies (D:6)
  A bullfrog (D:7)
  A scorpion (D:5)
  4 killer bees (D:9)
  An electric eel (D:6)
  2 howler monkeys
  2 bullfrog zombies (D:6)
  3 bombardier beetles
  Crazy Yiuf (D:6)
  7 orc priests
  A bullfrog skeleton (D:6)
  2 hounds
  4 iguanas
  2 sleepcaps
  4 orc wizards
  A killer bee zombie (D:6)
  A howler monkey zombie (D:6)
  6 gnolls
  10 adders
  A white imp (D:7)
  6 ufetubi
  A dart slug (D:1)
  21 orcs
  6 bats
  8 endoplasms
  4 giant cockroaches
  10 hobgoblins
  3 jackals (D:2)
  A quokka (D:1)
  3 ball pythons
  2 frilled lizards (D:2)
  12 goblins
  7 kobolds (Bailey)
169 creatures vanquished.

Vanquished Creatures (collateral kills)
  A goblin (Bailey)
1 creature vanquished.

Grand Total: 170 creatures vanquished

Notes
Turn   | Place    | Note
-------+----------+-------------------------------------------
     0 | D:1      | Vila42 the Gargoyle Monk began the quest for the Orb.
     0 | D:1      | Reached XP level 1. HP: 14/14 MP: 1/1
   253 | D:1      | Reached XP level 2. HP: 19/19 MP: 2/2
   414 | D:1      | Reached skill level 1 in Armour
   686 | D:2      | Found a faded altar of an unknown god.
   690 | D:2      | Reached XP level 3. HP: 24/24 MP: 3/3
   983 | D:2      | Noticed Sigmund
   997 | D:2      | Killed Sigmund
   998 | D:2      | Reached skill level 5 in Maces & Flails
   998 | D:2      | Reached XP level 4. HP: 23/30 MP: 4/4
   998 | D:2      | Reached XP level 5. HP: 26/34 MP: 5/5
  1124 | D:2      | Found a sparkling altar of Nemelex Xobeh.
  1448 | D:3      | Reached XP level 6. HP: 39/39 MP: 6/6
  1648 | D:3      | Found a glowing silver altar of Zin.
  2671 | D:4      | Reached XP level 7. HP: 41/44 MP: 7/7
  2675 | D:4      | Reached skill level 6 in Maces & Flails
  2895 | D:4      | Found a hazy altar of Hepliaklqana.
  2917 | D:4      | Reached skill level 1 in Shields
  3012 | D:4      | Found a white marble altar of Elyvilon.
  3193 | D:4      | Found a glowing golden altar of the Shining One.
  3195 | D:4      | Found an iron altar of Okawaru.
  3196 | D:4      | Found a shimmering blue altar of Sif Muna.
  3200 | D:4      | Became a worshipper of the Shining One
  3200 | D:4      | Reached * piety under the Shining One
  3200 | D:4      | Reached ** piety under the Shining One
  3393 | D:4      | Found Botar's Distillery.
  3405 | D:4      | Bought a potion of curing for 33 gold pieces
  3405 | D:4      | Bought 2 potions of heal wounds for 110 gold pieces
  3463 | D:5      | Entered Level 5 of the Dungeon
  3643 | D:5      | Reached skill level 1 in Invocations
  3694 | D:5      | Reached skill level 5 in Fighting
  3712 | D:5      | Identified a scroll of acquirement
  3712 | D:5      | Acquired the +15 Maxwell's patent armour {-Cast -Tele rElec
                  | Will+ rCorr}
  3712 | D:5      | Found the +15 Maxwell's patent armour {-Cast -Tele rElec
                  | Will+ rCorr}
  3937 | D:5      | Reached XP level 8. HP: 49/49 MP: 9/9
  4344 | D:6      | Reached skill level 7 in Maces & Flails
  4516 | D:6      | Reached *** piety under the Shining One
  4653 | D:6      | Reached skill level 5 in Armour
  4658 | D:6      | Found a basalt altar of Yredelemnul.
  4689 | D:6      | Found a runed translucent door.
  4690 | D:6      | Noticed Crazy Yiuf
  4753 | D:6      | Killed Crazy Yiuf
  5031 | D:6      | Found Xyurugoegh's Self-Improvement Boutique.
  5036 | D:6      | Reached XP level 9. HP: 52/54 MP: 11/11
  5144 | D:6      | Found an ornate altar of the Wu Jian Council.
  5435 | D:7      | Found a staircase to the Ecumenical Temple.
  5457 | D:7      | Noticed Pikel
  5477 | D:7      | Killed Pikel
  5478 | D:7      | Reached skill level 8 in Maces & Flails
  5478 | D:7      | Reached skill level 5 in Shields
  5785 | D:7      | Noticed Maurice
  5791 | D:7      | Maurice stole a ring of wizardry
  5796 | D:7      | Maurice stole 3 curare-tipped darts
  5798 | D:7      | Killed Maurice
  5928 | D:7      | Noticed Jeremiah
  5964 | D:7      | Killed Jeremiah
  5965 | D:7      | Reached skill level 9 in Maces & Flails
  6418 | D:8      | Noticed a two-headed ogre
  6428 | D:8      | Killed a two-headed ogre
  6429 | D:8      | Reached skill level 5 in Invocations
  6429 | D:8      | Reached XP level 10. HP: 51/61 MP: 10/14
  6651 | D:8      | You fall into a shaft and drop 1 floor!
  6653 | D:9      | Noticed a two-headed ogre
  6655 | D:9      | Found a flagged portal.
  6668 | Bailey   | Entered a bailey
  6673 | Bailey   | Noticed an orc warlord
  6737 | Bailey   | Found a runed translucent gate.
  6739 | Bailey   | Found a runed translucent gate.
  6742 | Bailey   | Found a runed translucent gate.
  6765 | Bailey   | Reached **** piety under the Shining One
  6785 | Bailey   | Killed an orc warlord
  6786 | Bailey   | Reached skill level 10 in Maces & Flails
  6846 | Bailey   | Identified the +1 mace of Desertification {flame, Will+}
  6861 | Bailey   | Acquired the +9 great mace of Bright Innocence {venom,
                  | *Noise rElec rPois Stlth+}
  6902 | D:9      | Noticed Prince Ribbit
  6905 | D:9      | Noticed Psyche
  6909 | D:9      | Killed a two-headed ogre
  6914 | D:9      | Noticed a two-headed ogre
  6930 | D:9      | Killed a two-headed ogre
  6931 | D:9      | Reached XP level 11. HP: 17/67 MP: 3/15
  6946 | Abyss:1  | Found a corrupted altar of Lugonu.
  6946 | Abyss:1  | Cast into level 1 of the Abyss (Psyche)
  6968 | Abyss:1  | Reached skill level 11 in Maces & Flails
  6970 | Abyss:1  | HP: 2/67 [raiju/living lightning (4)]
  7000 | Abyss:1  | The Shining One protects you from harm!
  7003 | Abyss:1  | The Shining One protects you from harm!
  7005 | Abyss:1  | Slain by a deep elf blademaster zombie

Illustrated notes

Levels and vault maps discovered:
D:1:      tarquinn_simple_flora_water_b, layout_basic, minmay_misc_feat_roman
D:2:      layout_loops_ring, basic_altar,
          chequers_ecumenical_altar_simple_redux, nrook_uturn, uniq_sigmund
D:3:      layout_loops_corners, nicolae_overflow_hidden_temple
D:4:      layout_cave_pods, elyvilon_altar_5, nzn_hepliaklqana_mist_gate,
          minitemple, serial_shops, shop, kennysheep_generic_room_4
D:5:      layout_basic
D:6:      layout_gridville, yredelemnul_altar_generic,
          mainiacjoe_overflow_brackets, serial_undead, serial_undead_b,
          serial_undead_d, serial_undead_f, serial_undead_d,
          nicolae_shop_self_help, uniq_crazy_yiuf_cottage
D:7:      layout_basic, minmay_temple_entry_slanted, uniq_pikel, uniq_jeremiah,
          uniq_maurice
D:8:      layout_basic, david_lair_shrubbed
D:9:      lemuel_troll_bridge, layout_basic, trog_three_pillars_becter,
          xom_butterflies, gammafunk_ghost_ooze, enter_bailey_5, serial_shops,
          nicolae_shop_getting_attention, nicolae_twisty_statue_hallways,
          uniq_psyche, uniq_prince_ribbit1
Abyss:1:  base:
D:7

Skill      XL: |  1  2  3  4  5  6  7  8  9 10 11 |
---------------+----------------------------------+-----
Armour         | 1 2 3 4 5 6 |  6.9
Fighting       | 4 5 6 7 |  7.5
Maces & Flails | 5 6 7 9 10 11 | 11.2
Shields        | 2 4 6 7 |  7.5
Invocations    | 1 3 5 6 7 |  7.0
Dodging        | |  2.4

Action                     |  1- 3 |  4- 6 |  7- 9 | 10-12 || total
---------------------------+-------+-------+-------+-------++-------
  Melee: Mace              |    63 |    16 |       |       ||    79
         Flail             |       |    66 |   211 |    63 ||   340
         Great mace        |       |       |       |    42 ||    42
 Invoke: Divine Shield     |       |       |       |     1 ||     1
         Cleansing Flame   |       |       |       |     1 ||     1
  Evoke: Wand              |       |       |       |     2 ||     2
    Use: Scroll            |       |    11 |     5 |     6 ||    22
         Potion            |       |     1 |       |     5 ||     6
 Armour: Ring mail         |    30 |    41 |       |       ||    71
         Robe              |     1 |       |       |       ||     1
         Chain mail        |       |    14 |    55 |       ||    69
         Plate armour      |       |       |   160 |   199 ||   359
  Dodge: Dodged            |    31 |    45 |    47 |    69 ||   192
  Block: Kite shield       |       |    10 |    93 |    43 ||   146
